 Dungeon Crawl Stone Soup version 0.25-a0-279-g53730b6a6f (webtiles) character file.

Game seed: 794272213574931183, levelgen mode: deterministic

172 MoonlitKnight the Charmwright (level 5, -1/38 HPs)
             Began as a Merfolk Skald on Dec 10, 2019.
             Slain by a worker ant (2 damage)
             ... on level 2 of the Dungeon.
             The game lasted 00:07:10 (2805 turns).

MoonlitKnight the Charmwright (Merfolk Skald)       Turns: 2805, Time: 00:07:11

Health: -1/38      AC:  4    Str: 12    XL:     5   Next: 53%
Magic:  0/8        EV: 12    Int: 13    God:
Gold:   117        SH:  0    Dex: 13    Spells: 5/8 levels left

rFire    . . .     SeeInvis .   a - +0 spear
rCold    . . .     Gourm    .   (no shield)
rNeg     . . .     Faith    .   b - +0 leather armour
rPois    .         Spirit   +   (no helmet)
rElec    .         Reflect  .   r - scarf {Spirit}
rCorr    .         Harm     .   (no gloves)
MR       .....                  s - +0 pair of boots
Stlth    +.........             (no amulet)
HPRegen  0.12/turn              (no ring)
MPRegen  0.11/turn              (no ring)

@: lethally poisoned (-1 -> -11), infused
A: change form in water, swift swim, stealthy swim
a: no special abilities


You were on level 2 of the Dungeon.
You were not hungry.

You visited 1 branch of the dungeon, and saw 3 of its levels.

You collected 117 gold pieces.

Inventory:

Hand Weapons
 a - a +0 spear (weapon)
 k - a +0 hunting sling
Missiles
 g - 96 stones (quivered)
 u - 5 sling bullets
Armour
 b - a +0 leather armour (worn)
 r - a scarf of spirit shield (worn)
 s - a +0 pair of boots (worn)
Jewellery
 q - a +3 ring of evasion {unknown}
Scrolls
 c - a scroll of fog {unknown}
 e - 2 scrolls of remove curse {unknown}
 h - 2 scrolls of identify {unknown}
 l - a scroll of immolation {unknown}
 n - a scroll of enchant weapon {unknown}
 o - 2 scrolls of teleportation {unknown}
Potions
 f - a potion of lignification {unknown}
 j - a potion of degeneration {unknown}
 m - 3 potions of curing
 p - 2 potions of flight {unknown}
 t - 2 potions of ambrosia {unknown}
 v - a potion of resistance {unknown}
Comestibles
 d - 5 rations
 i - 4 chunks of flesh


   Skills:
 - Level 2.1 Fighting
 - Level 3.0 Polearms
 - Level 0.6 Armour
 - Level 2.6 Dodging
 - Level 2.0 Spellcasting
 + Level 4.9 Charms
 + Level 3.1 Translocations


You had 5 spell levels left.
You knew the following spells:

 Your Spells              Type           Power        Failure   Level  Hunger
a - Infusion              Chrm           ##..         4%          1    ##.....
b - Shroud of Golubria    Chrm/Tloc      ##....       10%         2    ###....

Your spell library contained the following spells:

 Spells                   Type           Power        Failure   Level  Hunger
 Song of Slaying          Chrm           ##......     7%          2    ###....
 Regeneration             Chrm/Necr      #.........   34%         3    ####...
 Spectral Weapon          Hex/Chrm       #.......     34%         3    ####...


Dungeon Overview and Level Annotations

Branches:
Dungeon (3/15)

Altars:

Annotations:
D:3 Robin


Message History

You hit the worker ant but do no damage.
The worker ant is severely wounded.
* * * LOW HITPOINT WARNING * * *
You feel sick. The worker ant barely misses you.
Unknown command.
You hit the worker ant but do no damage.
The worker ant is severely wounded.
* * * LOW HITPOINT WARNING * * *
You feel sick. The worker ant barely misses you.
Unknown command.
You hit the worker ant.
The worker ant is severely wounded.
* * * LOW HITPOINT WARNING * * *
You feel sick. The worker ant barely misses you.
The worker ant completely misses you.
You hit the worker ant but do no damage.
The worker ant is severely wounded.
* * * LOW HITPOINT WARNING * * *
You feel sick. The worker ant bites you.
You die...

########### #.........#
#.#######.# #####
#.#.......# ....#
#.#)########
....##########..........#
...............a@....##.#
.....###########.###.##.#
.....# #.# #.##.# .....#
#.###.##.# .<...# ######
#.##...#.# #..#.# #....#
#.##...#.# ##.#.####....#
#.##...#.# ...#.#.......#
#.####.#.##
####.#.......#
#.........#


You could see a worker ant.

Vanquished Creatures
  A bullfrog (D:3)
  4 adders
  A worm (D:2)
  2 dart slugs
  A leopard gecko (D:2)
  5 bats
  5 giant cockroaches
  13 goblins
  12 hobgoblins
  6 kobolds
  2 quokkas (D:2)
  A ball python (D:2)
  A frilled lizard (D:1)
  4 rats (D:1)
58 creatures vanquished.

Notes
Turn   | Place    | Note
-------+----------+-------------------------------------------
     0 | D:1      | MoonlitKnight the Merfolk Skald began the quest for the
                  | Orb.
     0 | D:1      | Reached XP level 1. HP: 16/16 MP: 3/3
   163 | D:1      | Reached XP level 2. HP: 22/22 MP: 1/5
   168 | D:1      | Reached skill level 4 in Charms
   172 | D:1      | Learned a level 2 spell: Shroud of Golubria
   676 | D:1      | Reached skill level 1 in Translocations
   837 | D:1      | Reached XP level 3. HP: 27/27 MP: 6/6
  1920 | D:2      | Reached XP level 4. HP: 10/33 MP: 0/7
  2632 | D:3      | Noticed Robin
  2752 | D:3      | Noticed a bullfrog
  2761 | D:3      | Killed a bullfrog
  2761 | D:3      | Reached XP level 5. HP: 12/38 MP: 0/8
  2805 | D:2      | HP: 1/38 [poisoned by a worker ant]
  2805 | D:2      | Slain by a worker ant

Levels and vault maps discovered:
D:1:      dpeg_cavernosity, layout_rooms, chequers_avenue
D:2:      layout_basic
D:3:      layout_rooms, chequers_serial_rivers_room_a, uniq_robin

Skill      XL: |  1  2  3  4 |
---------------+-------------+-----
Charms         | 4 |  4.9
Translocations | 1 2 3 |  3.1
Fighting       | |  2.1
Polearms       | |  3.0
Armour         | |  0.6
Dodging        | |  2.6
Spellcasting   | |  2.0

Action                   |  1- 3 |  4- 6 || total
-------------------------+-------+-------++-------
Melee: Spear             |   125 |    88 ||   213
 Cast: Infusion          |    14 |     6 ||    20
       Shroud of Golubri |     2 |     2 ||     4
  Use: Potion            |       |     1 ||     1
  Eat: Chunk             |     4 |     3 ||     7
Armor: Leather armour    |    16 |    28 ||    44
Dodge: Dodged            |    51 |    76 ||   127

Table legend:
 A = Non-vault XP
 B = Vault XP
 C = Vault XP percentage of total XP
 D = Non-vault monster count
 E = Vault monster count
 F = Vault count percentage of total count
                 A         B        C        D         E       F
            +---------+---------+-------+---------+---------+-------
      Total |     227 |      20 |   8.1 |      47 |      11 |  19.0
            +---------+---------+-------+---------+---------+-------
        D:1 |      35 |       6 |  14.6 |      20 |       4 |  16.7
        D:2 |      52 |       2 |   3.7 |      19 |       1 |   5.0
        D:3 |     140 |      12 |   7.9 |       8 |       6 |  42.9
            +---------+---------+-------+---------+---------+-------
